 Dungeon Crawl Stone Soup version 0.29.1-12-g30fa7ad0bf (webtiles) character file.

Game seed: 13934443010778762043

398 hotbaconsauce2 the Chopper (level 6, -6/56 HPs)
             Began as a Hill Orc Fighter on Dec 22, 2022.
             Was an Initiate of Okawaru.
             Splashed by a jelly's acid (8 damage)
             ... on level 5 of the Dungeon.
             The game lasted 00:10:51 (5632 turns).

hotbaconsauce2 the Chopper (Hill Orc Fighter)       Turns: 5632, Time: 00:10:51

Health: -6/56      AC: -2    Str: 21    XL:     6   Next: 83%
Magic:  6/6        EV:  5    Int:  8    God:    Okawaru [......]
Gold:   167        SH: 13    Dex: 10    Spells: 5/5 levels left

rFire   . . .      SeeInvis +   a - +0 war axe
rCold   . . .      Faith    .   o - +2 tower shield
rNeg    . . .      Spirit   .   B - +0 scale mail
rPois   .          Reflect  .   D - +0 helmet {SInv}
rElec   .          Harm     .   (no cloak)
rCorr   .          Rampage  .   (no gloves)
Will    .....                   c - +0 pair of boots
Stlth   ..........              (no amulet)
HPRegen 0.18/turn               (no ring)
MPRegen 0.10/turn               (no ring)

@: corroded
A: no striking features
a: Renounce Religion


You were on level 5 of the Dungeon.
You worshipped Okawaru.
Okawaru was noncommittal.
You visited 1 branch of the dungeon, and saw 5 of its levels.
You also visited: Sewer.

You collected 305 gold pieces.
You spent 138 gold pieces at shops.

Inventory:

Hand Weapons
 a - a +0 war axe (weapon)
 b - a +2 sling of flaming
Missiles
 g - 51 stones (quivered)
Armour
 c - a +0 pair of boots (worn)
 o - a +2 tower shield (worn)
 B - a +0 scale mail (worn)
 D - a +0 helmet of see invisible (worn)
Wands
 y - a wand of charming (9)
Scrolls
 e - a scroll of poison {unknown}
 h - 7 scrolls of identify {unknown}
 i - 2 scrolls of teleportation {unknown}
 u - a scroll of enchant weapon {unknown}
 v - a scroll of enchant armour {unknown}
 w - a scroll of vulnerability {unknown}
 x - 2 scrolls of butterflies {unknown}
 A - a scroll of silence {unknown}
 C - a scroll of fear {unknown}
 E - a scroll of immolation {unknown}
 F - a scroll of amnesia {unknown}
Potions
 d - 2 potions of might
 f - a potion of flight {unknown}
 j - 4 potions of curing {unknown}
 k - a potion of heal wounds {unknown}
 l - 2 potions of lignification {unknown}
 m - 2 potions of degeneration {unknown}
 n - a potion of attraction {unknown}
 p - 2 potions of brilliance {unknown}
 q - 3 potions of haste {unknown}
 r - 2 potions of resistance {unknown}
 s - 3 potions of mutation {unknown}
 t - a potion of magic {unknown}
 z - a potion of experience {unknown}


   Skills:
 - Level 5.1 Fighting
 + Level 7.7(8.0) Axes
 - Level 2.3(4.7) Maces & Flails
 - Level 3.2 Armour
 - Level 3.2 Shields


You had 5 spell levels left.
You didn't know any spells.
Your spell library contained the following spells:

 Spells                   Type           Power      Damage    Failure   Level
 Apportation              Tloc           0%         N/A       100%        1
 Necrotise                Necr           0%         1d4       100%        1
 Summon Small Mammal      Summ           Unusable   N/A       N/A         1

Dungeon Overview and Level Annotations

Branches:
Dungeon (5/15)              Sewer (visited)
 Temple: D:4-7

Altars:
Cheibriados
Gozag
Nemelex Xobeh
Okawaru
Trog
Uskayaw
Xom

Shops:
D:4 [


Message History

You hit the jelly but do no damage. The acid corrodes you!
Your hands burn!
The jelly is heavily wounded.
You completely miss the gnoll. You hit the gnoll but do no damage.
The jelly hits you but does no damage. The gnoll hits you with a +0 whip.
You block the gnoll's attack.
You are too injured to fight recklessly!
You are too injured to fight recklessly!
You are too injured to fight recklessly!
You are too injured to fight recklessly!
You are too injured to fight recklessly!
You are too injured to fight recklessly!
You are too injured to fight recklessly!
You are too injured to fight recklessly!
You are too injured to fight recklessly!
You are too injured to fight recklessly!
You are too injured to fight recklessly!
You are too injured to fight recklessly!
You are too injured to fight recklessly!
You are too injured to fight recklessly!
You are too injured to fight recklessly!
You are too injured to fight recklessly!
You are too injured to fight recklessly!
You are too injured to fight recklessly!
Unknown command.
Okay, then.
The jelly attacks as you move away! The jelly hits you. The acid corrodes you!
You are splashed with acid.
* * * LOW HITPOINT WARNING * * *
The gnoll attacks as you move away! The gnoll barely misses you.
You closely miss the gnoll.
The gnoll is moderately wounded.
You barely miss the jelly. The jelly barely misses you.
The gnoll hits you with a +0 whip!
* * * LOW HITPOINT WARNING * * *
The gnoll hits you with a +0 whip.
* * * LOW HITPOINT WARNING * * *
You block the gnoll's attack. The jelly hits you.
* * * LOW HITPOINT WARNING * * *
You are splashed with acid!
You die...

..### #.#..
#.#.# s......
.... .g.....
#..# ......
..# ..... #
#g##...# .
#@g#..# #.
##J).## #.#
##...#
#<.###...##
#........#.
###..#.....#
#<...........
#.#..#.#..###
.............


You could see a jelly and 2 gnolls.

Vanquished Creatures
  A bullfrog (D:4)
  A scorpion (D:4)
  Ijyb (D:3)
  An iguana (D:4)
  4 gnolls
  4 adders
  A river rat (D:3)
  A white imp (D:5)
  2 worms
  3 dart slugs
  An orc (D:4)
  10 bats
  11 endoplasms
  4 giant cockroaches
  11 goblins
  8 hobgoblins
  14 jackals
  3 quokkas
  6 ball pythons
  11 frilled lizards
  15 kobolds
  9 rats
  2 toadstools (D:4)
124 creatures vanquished.

Vanquished Creatures (others)
  17 fungi
  18 plants
  A toadstool (D:4)
36 creatures vanquished.

Grand Total: 160 creatures vanquished

Notes
Turn   | Place    | Note
-------+----------+-------------------------------------------
     0 | D:1      | hotbaconsauce2 the Hill Orc Fighter began the quest for the
                  | Orb.
     0 | D:1      | Reached XP level 1. HP: 19/19 MP: 1/1
    46 | D:1      | Found a faded altar of an unknown god.
    81 | D:1      | Reached skill level 1 in Maces & Flails
    81 | D:1      | Reached XP level 2. HP: 25/27 MP: 2/2
   432 | D:1      | Reached XP level 3. HP: 33/34 MP: 3/3
  1886 | D:2      | Reached skill level 5 in Fighting
  1886 | D:2      | Reached XP level 4. HP: 41/42 MP: 4/4
  2481 | D:3      | Found a glowing drain.
  2491 | D:3      | Reached skill level 3 in Axes
  2688 | Sewer    | Entered a sewer
  3015 | Sewer    | Reached skill level 4 in Axes
  3214 | D:3      | Found a hide-covered altar of Uskayaw.
  3310 | D:3      | Reached XP level 5. HP: 43/48 MP: 5/5
  3541 | D:3      | Found a shimmering altar of Xom.
  3544 | D:3      | Found a bloodstained altar of Trog.
  3544 | D:3      | Found an iron altar of Okawaru.
  3545 | D:3      | Found a snail-covered altar of Cheibriados.
  3545 | D:3      | Found an opulent altar of Gozag.
  4054 | D:3      | Noticed Ijyb
  4079 | D:3      | Killed Ijyb
  4080 | D:3      | Reached skill level 5 in Axes
  4466 | D:4      | Found Yfivvuil's Armour Shop.
  4471 | D:4      | Bought a +0 helmet of see invisible for 138 gold pieces
  4653 | D:4      | Reached skill level 6 in Axes
  4653 | D:4      | Reached XP level 6. HP: 38/56 MP: 6/6
  4788 | D:4      | Found a sparkling altar of Nemelex Xobeh.
  4846 | D:4      | Reached skill level 7 in Axes
  5553 | D:3      | Became a worshipper of Warmaster Okawaru
  5616 | D:5      | Entered Level 5 of the Dungeon
  5632 | D:5      | HP: 2/56 [jelly (1)]
  5632 | D:5      | Splashed by a jelly's acid

Illustrated notes

Levels and vault maps discovered:
D:1:      minmay_arrival_split_and_join, layout_basic,
          dreamdust_ecumenical_altar_grove, eino_curves_03, st_stairs_1,
          minmay_lizard_king
D:2:      layout_basic, minmay_misc_feat_room
D:3:      kennysheep_goblin_castle, layout_loops_corners,
          general_overflow_altar, nicolae_overflow_hidden_temple,
          grunt_temple_overflow_open, portal_sewer_entry_a, grunt_ministairs_15,
          chequers_jeans, uniq_ijyb
D:4:      layout_basic, nemelex_diamond_rough_becter, serial_shops, shop,
          st_stairs_9, minmay_gold_behind_fungi
D:5:      layout_rooms

Skill      XL: |  1  2  3  4  5  6 |
---------------+-------------------+-----
Fighting       | 4 5 |  5.1
Maces & Flails | 1 2 |  2.3
Axes           | 4 6 7 |  7.7
Armour         | |  3.2
Shields        | |  3.2

Action                   |  1- 3 |  4- 6 || total
-------------------------+-------+-------++-------
Melee: War axe           |   123 |   250 ||   373
Armor: Scale mail        |    74 |   124 ||   198
Dodge: Dodged            |    75 |    54 ||   129
Block: Buckler           |    41 |       ||    41
       Tower shield      |       |   237 ||   237
